 Dungeon Crawl Stone Soup version 0.29-a0-723-gce39da1c22 (webtiles) character file.

Game seed: 13481954992090205457

96 crusatyr the Chopper (level 4, -3/39 HPs)
             Began as a Hill Orc Monk on June 28, 2022.
             Slain by an orc
             ... wielding a +0 war axe
              (7 damage)
             ... on level 2 of the Dungeon.
             The game lasted 00:02:50 (3224 turns).

crusatyr the Chopper (Hill Orc Monk)                Turns: 3224, Time: 00:02:51

Health: -3/39      AC:  9    Str: 15    XL:     4   Next: 67%
Magic:  4/4        EV:  6    Int: 10    God:
Gold:   169        SH:  0    Dex: 13    Spells: 3/3 levels left

rFire   . . .      SeeInvis .   a - +0 hand axe
rCold   . . .      Faith    .   (no shield)
rNeg    . . .      Spirit   .   n - +0 chain mail
rPois   .          Reflect  .   b - +1 hat
rElec   .          Harm     .   (no cloak)
rCorr   .          Rampage  .   (no gloves)
Will    .....                   (no boots)
Stlth   ..........              (no amulet)
HPRegen 0.13/turn               (no ring)
MPRegen 0.09/turn               (no ring)

@: no status effects
A: no striking features
a: no special abilities


You were on level 2 of the Dungeon.
You visited 1 branch of the dungeon, and saw 3 of its levels.

You collected 169 gold pieces.

Inventory:

Hand Weapons
 a - a +0 hand axe (weapon)
 j - a +0 whip
Armour
 b - a +1 hat (worn)
 n - a +0 chain mail (worn)
Jewellery
 l - a ring of fire
Scrolls
 e - a scroll of magic mapping {unknown}
 g - a scroll of identify {unknown}
 k - 2 scrolls of teleportation {unknown}
 o - a scroll of vulnerability {unknown}
Potions
 c - 2 potions of ambrosia
 d - a potion of invisibility {unknown}
 f - a potion of mutation {unknown}
 h - 2 potions of cancellation {unknown}
 i - 2 potions of flight {unknown}
 m - a potion of magic {unknown}
 p - 2 potions of haste {unknown}
 q - 2 potions of degeneration {unknown}


   Skills:
 - Level 3.6 Fighting
 + Level 7.0 Axes
 - Level 2.4 Dodging
 - Level 1.5 Stealth


You had 3 spell levels left.
You didn't know any spells.
Your spell library contained the following spells:

 Spells                   Type           Power      Damage    Failure   Level
 Sublimation of Blood     Necr           0%         N/A       100%        2
 Wereblood                Tmut           0%         N/A       100%        2
 Summon Hydra             Summ           0%         N/A       100%        7


Dungeon Overview and Level Annotations

Branches:
Dungeon (3/15)

Altars:

Annotations:
D:1 Terence


Message History

The orc hits you with a +0 war axe.
You are too injured to fight recklessly!
You are too injured to fight recklessly!
You are too injured to fight recklessly!
You are too injured to fight recklessly!
You are too injured to fight recklessly!
You are too injured to fight recklessly!
You are too injured to fight recklessly!
You are too injured to fight recklessly!
You are too injured to fight recklessly!
You are too injured to fight recklessly!
You are too injured to fight recklessly!
You are too injured to fight recklessly!
You are too injured to fight recklessly!
You are too injured to fight recklessly!
You are too injured to fight recklessly!
You are too injured to fight recklessly!
The orc attacks as you move away! The orc hits you but does no damage.
The orc attacks as you move away! The orc hits you with a +0 war axe.
The orc attacks as you move away! The orc hits you but does no damage.
The orc attacks as you move away! The orc barely misses you.
The orc attacks as you move away! The orc hits you with a +0 war axe.
The orc attacks as you move away! The orc hits you but does no damage.
The orc attacks as you move away! The orc hits you with a +0 war axe.
The orc attacks as you move away! The orc hits you with a +0 war axe.
* * * LOW HITPOINT WARNING * * *
The orc attacks as you move away! The orc barely misses you.
The orc attacks as you move away! The orc hits you but does no damage.
The orc attacks as you move away! The orc hits you but does no damage.
The orc attacks as you move away! The orc hits you but does no damage.
There is a stone staircase leading up here.
The orc hits you with a +0 war axe.
* * * LOW HITPOINT WARNING * * *
You climb upwards.
There is a stone staircase leading down here.
You completely miss the orc. The orc hits you with a +0 war axe.
* * * LOW HITPOINT WARNING * * *
You completely miss the orc. The orc hits you but does no damage.
The orc attacks as you move away! The orc hits you with a +0 war axe!
You die...

#####################
................@...#####
##############.#.o......# ##
#........#.##.#.###
.######.###....#.##.#.#
......#.###.#.##.##.#.#
.##.........#.##.##.#[#
.######.##..#.......#.#
............####.####.##########
........#...# #.# #.......†..#


You could see an orc.

Vanquished Creatures
  A gnoll (D:3)
  3 adders
  A worm (D:3)
  A dart slug (D:1)
  5 endoplasms
  3 giant cockroaches (D:2)
  4 goblins
  11 hobgoblins
  4 kobolds
  2 quokkas
  3 ball pythons (D:1)
  4 bats
  5 frilled lizards
  4 rats
51 creatures vanquished.

Notes
Turn   | Place    | Note
-------+----------+-------------------------------------------
     0 | D:1      | crusatyr the Hill Orc Monk began the quest for the Orb.
     0 | D:1      | Reached XP level 1. HP: 19/19 MP: 1/1
   132 | D:1      | Reached XP level 2. HP: 19/26 MP: 2/2
   528 | D:1      | Reached skill level 5 in Axes
  1253 | D:2      | Reached XP level 3. HP: 31/31 MP: 3/3
  1260 | D:2      | Noticed Terence
  1844 | D:2      | Reached skill level 6 in Axes
  2181 | D:2      | Found a faded altar of an unknown god.
  2419 | D:2      | Reached XP level 4. HP: 38/39 MP: 4/4
  3081 | D:3      | Reached skill level 7 in Axes
  3224 | D:2      | Slain by an orc

Illustrated notes

Levels and vault maps discovered:
D:1:      saegor_arrival_under_anarchy, layout_loops_ring,
          kennysheep_crisscross, minmay_tetromino_l4
D:2:      layout_basic, hellmonk_ecumenical_altar_arch_garden, uniq_terence
D:3:      layout_loops_ring, bloody_makhleb, dk_yredelemnul_ordeal,
          minmay_pentangle, uniq_crazy_yiuf_cottage

Skill      XL: |  1  2  3  4 |
---------------+-------------+-----
Axes           | 5 6 7 |  7.0
Fighting       | |  3.6
Dodging        | |  2.4
Stealth        | |  1.5

Action                   |  1- 3 |  4- 6 || total
-------------------------+-------+-------++-------
Melee: Hand axe          |   147 |    40 ||   187
       Punch             |       |     1 ||     1
 Stab: Sleeping          |     1 |       ||     1
Armor: Robe              |    14 |       ||    14
       Chain mail        |    33 |    26 ||    59
Dodge: Dodged            |    71 |    14 ||    85

Table legend: (Time is in decaauts)
 A = Elapsed time spent in this place.
 B = Non-inter-level travel time spent in this place.
 C = Inter-level travel time spent in this place.
 D = Time resting spent in this place.
 E = Time spent auto-exploring this place.
 F = Levels seen in this place.
 G = Mean time per level.
                   A        B        C        D        E       F      G
               +--------+--------+--------+--------+--------+-----+--------+
         Total |   3227 |   3126 |    101 |    362 |   2273 |   3 | 1075.7 |
       Dungeon |   3227 |   3126 |    101 |    362 |   2273 |   3 | 1075.7 |
               +--------+--------+--------+--------+--------+-----+--------+

Top non-repeatable levels by time:
     D:2: 1603 daAuts
     D:1: 1253 daAuts
     D:3: 370 daAuts
